Map: Catalyst LE

Players

Lillekanin

  • Race: Terran Terran
  • Spawn Location: 5:00

ShoWTimE - Winner!

  • Race: Protoss Protoss
  • Spawn Location: 11:00

Event: WCS Leipzig 2018

VOD

Have the link to the VOD?

Description

Time

  • Played on: Jan. 26, 2018, 7:10 a.m.
  • Length: 8:09

All games in this series

Show
View Real Time Build Order
Export as new Build Order

Lillekanin Terran 

Build Orders: Gas First Reaper Expand, Reaper Expand 

Get SALT Encoding   

  12  0:00  SCV  
  13  0:12  SCV  
  14  0:18  Supply Depot  
  14  0:25  SCV  
  15  0:29  Refinery  
  15  0:40  SCV  
  16  0:45  Barracks  
  16  0:52  SCV  
  17  1:04  SCV  
  18  1:16  SCV  
  19  1:34  Orbital Command, Reaper  
  20  1:50  Command Center  
  20  2:00  SCV  
  21  2:07  Factory  
  21  2:10  Barracks Reactor  
  21  2:12  SCV  
  22  2:20  Supply Depot  
  22  2:25  Refinery  
  22  2:26  SCV  
  23  2:40  SCV  
  23  2:46  Bunker  
  23  2:47  Marine  
  23  2:48  Marine  
  23  2:51  Widow Mine  
  27  2:52  SCV  
  27  2:58  Factory  
  28  3:07  Marine x2  
  30  3:12  Orbital Command  
  30  3:20  SCV  
  30  3:24  Cyclone  
  34  3:32  Marine x2  
  34  3:33  SCV  
  37  3:39  SCV  
  38  3:43  Cyclone  
  41  3:48  Supply Depot  
  41  3:51  SCV  
  44  3:57  Cyclone  
  44  4:02  Marine, Engineering Bay  
  46  4:10  SCV, Marine  
  46  4:15  SCV, Cyclone  
  52  4:20  Marine  
  53  4:28  Marine  
  53  4:30  Supply Depot  
  53  4:31  Cyclone  
  57  4:40  Marine  
  58  4:46  Marine  
  58  4:47  Cyclone  
  62  4:53  Supply Depot  
  62  4:58  Marine  
  63  5:04  Marine  
  64  5:08  Cyclone  
  67  5:16  Marine  
  68  5:22  Marine  
  68  5:24  Bunker  
  68  5:27  Missile Turret  
  69  5:34  Marine  
  69  5:41  Marine  
  69  5:42  Cyclone  
  66  5:50  Factory Tech Lab  
  63  6:14  Cyclone  
  61  6:27  Marine  
  59  6:39  Siege Tank  
  58  6:41  Marine  
  57  6:47  Marine  
  54  7:01  SCV  
  54  7:04  SCV  
  56  7:08  Marine x2  
  58  7:22  Cyclone  
  59  7:32  Marine x2  
  63  7:50  Marine x2  
Show
View Real Time Build Order
Export as new Build Order

ShoWTimE Protoss - Winner!

Build Orders: 1 Gate Expand, Blink Stalkers 

Get SALT Encoding   

  12  0:00  Probe  
  13  0:12  Probe  
  14  0:18  Pylon  
  14  0:24  Probe (Chrono Boost)  
  15  0:37  Probe (Chrono Boost)  
  15  0:38  Gateway  
  16  0:44  Probe (Chrono Boost)  
  16  0:47  Assimilator  
  17  0:51  Probe  
  18  1:03  Probe  
  19  1:15  Probe  
  20  1:25  Nexus  
  20  1:35  Cybernetics Core  
  20  1:38  Probe  
  21  1:43  Assimilator  
  21  1:50  Probe  
  22  1:54  Pylon  
  22  2:02  Probe  
  23  2:10  Adept (Chrono Boost)  
  23  2:12  Warp Gate  
  23  2:15  Probe  
  26  2:24  Twilight Council  
  26  2:27  Probe  
  26  2:28  Stalker (Chrono Boost)  
  29  2:39  Probe (Chrono Boost)  
  29  2:41  Probe (Chrono Boost)  
  31  2:51  Probe (Chrono Boost)  
  33  2:56  Probe (Chrono Boost), Stalker  
  33  2:57  Probe (Chrono Boost)  
  36  2:59  Blink (Chrono Boost)  
  36  3:03  Probe  
  36  3:05  Probe  
  38  3:15  Probe  
  38  3:18  Gateway  
  39  3:23  Gateway  
  39  3:26  Probe  
  40  3:28  Probe  
  41  3:36  Robotics Facility  
  41  3:38  Probe  
  41  3:40  Probe  
  43  3:44  Pylon  
  43  3:50  Probe  
  43  3:52  Probe  
  43  3:53  Assimilator  
  45  4:02  Probe  
  46  4:04  Probe  
  47  4:13  Pylon  
  47  4:15  Stalker x2  
  51  4:19  Stalker  
  51  4:23  Observer  
  54  4:25  Nexus  
  56  4:31  Probe x2  
  56  4:33  Pylon  
  56  4:40  Sentry x2  
  56  4:43  Probe x2  
  62  4:50  Forge  
  62  4:51  Observer  
  63  4:55  Probe x2  
  63  4:57  Charge (Chrono Boost)  
  65  5:00  Gateway  
  65  5:03  Gateway  
  65  5:07  Stalker  
  67  5:15  Pylon  
  67  5:19  Pylon  
  67  5:20  Pylon  
  67  5:28  Pylon  
  67  5:31  Shield Battery  
  67  5:33  Stalker  
  67  5:34  Immortal (Chrono Boost)  
  69  5:39  Stalker  
  69  5:41  Pylon  
  75  5:56  Gateway  
  75  6:01  Stalker  
  75  6:02  Stalker  
  63  6:20  Stalker  
  63  6:24  Stalker  
  63  6:25  Zealot  
  66  6:27  Probe x2  
  59  6:38  Gateway  
  57  6:40  Gateway  
  57  6:43  Probe, Gateway  
  57  6:45  Stalker  
  57  6:46  Stalker  
  62  6:49  Stalker  
  62  6:53  Probe  
  65  6:55  Probe  
  64  7:04  Gateway  
  64  7:05  Probe  
  64  7:06  Gateway  
  64  7:07  Probe  
  66  7:08  Stalker x2  
  66  7:10  Shield Battery  
  66  7:12  Stalker  
  72  7:17  Probe  
  72  7:20  Stalker  
  75  7:26  Probe  
  75  7:29  Probe, Zealot  
  77  7:32  Zealot x2  
  79  7:39  Zealot  
  79  7:43  Zealot x3  
  74  7:59  Stalker x3  
Tags
 
Add a new tag
Caveats
  • Supply blocks, unpowered buildings, or Contaminate may cause inaccurate times.
  • Supply counts are checked every 10 seconds.